NULL
Full Scoreboard »»

Bruins vs Senators

Created - April 23, 2024 at 01:01

Goals
1 2 3 T
Bruins 1 2 1 4
Senators 2 0 0 2
Shots
1 2 3 T
Bruins 14 13 6 33
Senators 8 13 12 33

GoalsPenalties
1st period
1. Senators , Paul Stastny 30 (Jakub Voracek 39, Brent Burns 37) at 1:48 (PP)
2. Bruins , Patrice Bergeron 32 (Nino Niederreiter 16, Zdeno Chara 9) at 12:28
3. Senators , Sammy Blais 9 (Nils Hoglander 6, Brent Burns 38) at 16:29
MacKenzie Weegar (BOS) for Tripping (Minor) at 0:44
Jakub Voracek (OTT) for Fighting (Major) at 14:13
Blake Wheeler (BOS) for Fighting (Major) at 14:13
Jeremy Lauzon (OTT) for Fighting (Major) at 17:05
Patrice Bergeron (BOS) for Fighting (Major) at 17:05
2nd period
4. Bruins , Lucas Raymond 19 (Mikael Granlund 12, Mikael Backlund 22) at 3:53
5. Bruins , Patrice Bergeron 33 (Blake Wheeler 28) at 19:49
Keegan Kolesar (OTT) for Holding (Minor) at 8:12
3rd period
6. Bruins , Patrice Bergeron 34 (Jaccob Slavin 17, Roman Josi 33) at 7:41
Mikael Granlund (BOS) for Slashing (Minor) at 3:09
Ryan Lomberg (OTT) for Interference (Minor) at 10:54
Keegan Kolesar (OTT) for Fighting (Major) at 14:56
Nino Niederreiter (BOS) for Fighting (Major) at 14:56
Nick Cousins (OTT) for Fighting (Major) at 15:44
Claude Giroux (BOS) for Fighting (Major) at 15:44
Goalie Stats
Ilya Samsonov (BOS), 31 saves from 33 shots - (0.939), W, 29-19-7, 60:00 minutes
Alex Stalock (OTT), 29 saves from 33 shots - (0.879), L, 6-9-3, 60:00 minutes
3 StarsOfficial
1 - Patrice Bergeron (BOS)
2 - Ilya Samsonov (BOS)
3 - Mikael Backlund (BOS)
Referees : Unknown
Linesman : Unknown
Game Note
Blake Wheeler beats up Jakub Voracek at 14:13 of 1st period
Jeremy Lauzon beats up Patrice Bergeron at 17:05 of 1st period
Patrice Bergeron has scored a Hat Trick!
Nino Niederreiter beats up Keegan Kolesar at 14:56 of 3rd period
Nick Cousins and Claude Giroux fight to a draw at 15:44 of 3rd period



Team Name Goals Shots Shots Attemp Shots Blocked PIM HIT PP PK FO%
Bruins 433571124240 / 2 (0%)153%
Senators 23375524231 / 2 (50%)047%

Bruins
Player Name POS G A P +/- PIM HIT SHT SB MP PP MP PP SHT PK MP PK SHT FO% FOT GA TA
Blake WheelerLW/RW0113523015:141:5900:0000% 020
Claude GirouxC/RW000-1500217:201:5900:00050% 1801
Eduard SaleLW0000002113:481:5900:0000% 010
Jaccob SlavinD0110002320:280:0001:5500% 000
Lucas RaymondLW/RW1011002014:390:0000:0000% 320
MacKenzie WeegarD0001201020:521:2401:0000% 000
Mikael BacklundC/LW0111042112:331:5900:00056% 910
Mikael GranlundC/LW/RW0111223012:140:0000:000100% 100
Moritz SeiderD0001012021:592:0101:0800% 001
Nino NiederreiterLW/RW0112520015:070:0001:290100% 110
Patrice BergeronC/LW/RW30325311015:531:5900:00064% 2500
Pierre EngvallC/LW/RW0000020011:320:0000:0000% 000
Radek FaksaC0000020112:110:0001:29060% 500
Roman JosiD0110010021:082:3400:0000% 002
Ryan O'ReillyC/LW0000010017:210:0001:3400% 401
Taylor HallLW/RW0000024018:531:5901:3400% 011
Tom WillanderD0002011117:281:2400:0800% 000
Zdeno CharaD0112010218:110:3301:5500% 011
Senators
Player Name POS G A P +/- PIM HIT SHT SB MP PP MP PP SHT PK MP PK SHT FO% FOT GA TA
Anthony DeAngeloD000-2000020:532:1501:5500% 001
Brad MarchandLW/RW0000045019:201:5701:53033% 302
Brady TkachukLW0000033019:261:5701:53050% 420
Brent BurnsD022-1023123:440:4802:0300% 002
Derek ForbortD000-2011121:212:1501:5500% 000
Jakub VoracekLW/RW011-1512116:511:0601:51050% 210
Jeremy LauzonD0000502114:420:0000:0000% 001
Jesse YlonenRW000000005:490:0000:0000% 100
Keegan KolesarRW000-1710014:571:0600:0000% 100
Max ComtoisLW/RW000002006:480:0000:0700% 000
Morgan BarronC/LW000000006:410:0000:00060% 500
Nick CousinsC/LW000-2500015:200:0000:17045% 1101
Nils HoglanderLW/RW011-2010115:450:0000:0000% 010
Paul StastnyC101-1013016:191:0610:00053% 1920
Ryan LindgrenD000-1012022:540:4802:0300% 000
Ryan LombergLW/RW0000224019:380:0000:0000% 000
Sammy BlaisLW/RW101-2045016:230:0000:0000% 112
Tim StutzleC/LW/RW0000003019:051:5701:55047% 1900

Bruins

5 vs 5 Forward
Line #Left WingCenterRight WingPHYDFOFWanted %Time %Time Play
1Nino NiederreiterPatrice BergeronBlake Wheeler1223430%15:53
2Ryan O'ReillyClaude GirouxTaylor Hall1223432%16:43
3Mikael GranlundMikael BacklundLucas Raymond1222218%9:47
4Eduard SaleRadek FaksaPierre Engvall1221020%10:36
5 vs 5 Defense
Line #DefenseDefensePHYDFOFWanted %Time %Time Play
1Roman JosiJaccob Slavin1223535%18:34
2Moritz SeiderMacKenzie Weegar1223535%18:29
3Zdeno CharaTom Willander1223030%15:56
4Roman JosiJaccob Slavin12200%0:00
Power Play Forward
Line #Left WingCenterRight WingPHYDFOFWanted %Time %Time Play
1Eduard SalePatrice BergeronClaude Giroux1225050%1:59
2Taylor HallMikael BacklundBlake Wheeler1225050%1:59
Power Play Defense
Line #DefenseDefensePHYDFOFWanted %Time %Time Play
1Moritz SeiderRoman Josi1225065%2:34
2Tom WillanderMacKenzie Weegar1225035%1:24
Penalty Kill 4 Players Forward
Line #CenterWingPHYDFOFWanted %Time %Time Play
1Radek FaksaNino Niederreiter1225049%1:29
2Ryan O'ReillyTaylor Hall1225051%1:34
Penalty Kill 4 Players Defense
Line #DefenseDefensePHYDFOFWanted %Time %Time Play
1Zdeno CharaJaccob Slavin1225063%1:55
2Moritz SeiderMacKenzie Weegar1225037%1:08
Penalty Kill 3 Players
Line #WingPHYDFOFWanted %Time %Time PlayDefenseDefensePHYDFOFWanted %Time %Time Play
1Patrice Bergeron122500%0:00 Roman JosiJaccob Slavin122500%0:00
2Mikael Backlund122500%0:00 Moritz SeiderZdeno Chara122500%0:00
4 vs 4 Forward
Line #CenterWingPHYDFOFWanted %Time %Time Play
1Patrice BergeronLucas Raymond122500%0:00
2Ryan O'ReillyMikael Granlund122500%0:00
4 vs 4 Defense
Line #DefensePHYDFOFWanted %Time %Time Play
1Zdeno CharaMoritz Seider122500%0:00
2MacKenzie WeegarTom Willander122500%0:00
Last Minutes Offensive
Left WingCenterRight WingDefenseDefense
Eduard SalePatrice BergeronClaude GirouxRoman JosiMoritz Seider
Last Minutes Defensive
Left WingCenterRight WingDefenseDefense
Mikael BacklundPatrice BergeronRyan O'ReillyMacKenzie WeegarJaccob Slavin
Time
Total ForwardTotal DefenseLast Minutes OffensiveLast Minutes Defensive
60:00 60:00 0:000:00
Extra Forwards
Normal PowerPlayPenalty Kill
Lucas Raymond, Mikael Granlund, Eduard SaleLucas Raymond, Ryan O'ReillyPatrice Bergeron
Extra Defensemen
Normal PowerPlayPenalty Kill
Zdeno Chara, Tom Willander, Moritz SeiderZdeno Chara, Tom WillanderMoritz Seider
Penalty Shots
Lucas Raymond, Taylor Hall, Mikael Backlund, Eduard Sale, Roman Josi
Goalie
Ilya Samsonov, David Rittich
Custom OT Lines Forwards
Patrice Bergeron, Blake Wheeler, Claude Giroux, Taylor Hall, Ryan O'Reilly, Mikael Backlund, Nino Niederreiter, Mikael Granlund, Lucas Raymond, Eduard Sale
Custom OT Lines Defensemen
Roman Josi, Jaccob Slavin, Moritz Seider, MacKenzie Weegar, Zdeno Chara
Scratches
Jaden Lipinski (Healthy), Aiden Fink (Healthy), Derek Ryan (Healthy), Nate Schmidt (Healthy), Joey Daccord (Healthy)

Senators

5 vs 5 Forward
Line #Left WingCenterRight WingPHYDFOFWanted %Time %Time Play
1Brady TkachukTim StutzleBrad Marchand1223029%15:33
2Jakub VoracekPaul StastnyKeegan Kolesar1223031%16:26
3Sammy BlaisNick CousinsNils Hoglander1223029%15:25
4Ryan LombergMorgan BarronMax Comtois1221011%5:35
5 vs 5 Defense
Line #DefenseDefensePHYDFOFWanted %Time %Time Play
1Brent BurnsRyan Lindgren1223030%16:02
2Anthony DeAngeloDerek Forbort1223031%16:31
3Jeremy LauzonRyan Lomberg1223031%16:25
4Brent BurnsRyan Lindgren122108%4:01
Power Play Forward
Line #Left WingCenterRight WingPHYDFOFWanted %Time %Time Play
1Brady TkachukTim StutzleBrad Marchand1225064%1:57
2Jakub VoracekPaul StastnyKeegan Kolesar1225036%1:06
Power Play Defense
Line #DefenseDefensePHYDFOFWanted %Time %Time Play
1Brent BurnsRyan Lindgren1225026%0:48
2Anthony DeAngeloDerek Forbort1225074%2:15
Penalty Kill 4 Players Forward
Line #CenterWingPHYDFOFWanted %Time %Time Play
1Brady TkachukBrad Marchand1225050%2:00
2Tim StutzleJakub Voracek1225050%1:58
Penalty Kill 4 Players Defense
Line #DefenseDefensePHYDFOFWanted %Time %Time Play
1Brent BurnsRyan Lindgren1225052%2:03
2Anthony DeAngeloDerek Forbort1225048%1:55
Penalty Kill 3 Players
Line #WingPHYDFOFWanted %Time %Time PlayDefenseDefensePHYDFOFWanted %Time %Time Play
1Brady Tkachuk122500%0:00 Brent BurnsRyan Lindgren122500%0:00
2Brad Marchand122500%0:00 Anthony DeAngeloDerek Forbort122500%0:00
4 vs 4 Forward
Line #CenterWingPHYDFOFWanted %Time %Time Play
1Brady TkachukBrad Marchand122500%0:00
2Tim StutzleJakub Voracek122500%0:00
4 vs 4 Defense
Line #DefensePHYDFOFWanted %Time %Time Play
1Brent BurnsRyan Lindgren122500%0:00
2Anthony DeAngeloDerek Forbort122500%0:00
Last Minutes Offensive
Left WingCenterRight WingDefenseDefense
Brady TkachukTim StutzleBrad MarchandBrent BurnsRyan Lindgren
Last Minutes Defensive
Left WingCenterRight WingDefenseDefense
Brady TkachukTim StutzleBrad MarchandBrent BurnsRyan Lindgren
Time
Total ForwardTotal DefenseLast Minutes OffensiveLast Minutes Defensive
60:00 60:00 0:000:00
Extra Forwards
Normal PowerPlayPenalty Kill
Jesse Ylonen, Sammy Blais, Nick CousinsJesse Ylonen, Sammy BlaisNick Cousins
Extra Defensemen
Normal PowerPlayPenalty Kill
Jeremy Lauzon, Anthony DeAngelo, Derek ForbortJeremy Lauzon, Anthony DeAngeloDerek Forbort
Penalty Shots
Brady Tkachuk, Brad Marchand, Tim Stutzle, Jakub Voracek, Paul Stastny
Goalie
Alex Stalock, Drew Commesso
Custom OT Lines Forwards
Brady Tkachuk, Brad Marchand, Tim Stutzle, Jakub Voracek, Paul Stastny, Keegan Kolesar, Sammy Blais, Nick Cousins, Nils Hoglander, Ryan Lomberg
Custom OT Lines Defensemen
Brent Burns, Ryan Lindgren, Anthony DeAngelo, Derek Forbort, Jeremy Lauzon
Scratches
Denton Mateychuk (Healthy), Zach Whitecloud (Right Leg Injury), Logan Thompson (Healthy)


Play-by-Play

1st period


0:01 of 1st period - Patrice Bergeron wins face-off versus Tim Stutzle in neutral zone.
0:04 of 1st period - Ryan Lindgren is hit by Nino Niederreiter and loses puck.
0:32 of 1st period - Snap shot by Paul Stastny.
0:32 of 1st period - Shot Misses the Net.
0:34 of 1st period - Snap shot by Brent Burns.
0:34 of 1st period - Deflect By Claude Giroux.
0:34 of 1st period - Stopped by Ilya Samsonov with a rebound.
0:44 of 1st period - Minor Penalty to MacKenzie Weegar for Tripping.
0:45 of 1st period - Radek Faksa wins face-off versus Tim Stutzle in Bruins zone.
0:45 of 1st period - Radek Faksa is hit by Brady Tkachuk.
0:59 of 1st period - Snap shot by Nino Niederreiter.
0:59 of 1st period - Shot Misses the Net.
1:31 of 1st period - Zdeno Chara is hit by Brad Marchand and loses puck.
1:40 of 1st period - Wrist shot by Tim Stutzle.
1:40 of 1st period - Deflect By Brad Marchand.
1:40 of 1st period - Shot Misses the Net.
1:40 of 1st period - Puck is out of play.
1:41 of 1st period - Radek Faksa wins face-off versus Paul Stastny in Bruins zone.
1:46 of 1st period - Wrist shot by Jakub Voracek.
1:46 of 1st period - Shot Misses the Net.
1:48 of 1st period - Wrist shot by Paul Stastny.
1:48 of 1st period - Goal by Paul Stastny - Bruins : 0 - Senators : 1.
1:49 of 1st period - Mikael Backlund wins face-off versus Nick Cousins in neutral zone.
1:49 of 1st period - Mikael Backlund is hit by Ryan Lomberg.
1:59 of 1st period - Snap shot by Lucas Raymond.
1:59 of 1st period - Shot Misses the Net.
2:01 of 1st period - Slapshot by Tom Willander.
2:01 of 1st period - Stopped by Alex Stalock with a rebound.
2:03 of 1st period - Snap shot by Mikael Granlund.
2:03 of 1st period - Stopped by Alex Stalock with a rebound.
2:05 of 1st period - Wrist shot by Mikael Granlund.
2:05 of 1st period - Shot Misses the Net.
2:15 of 1st period - Sammy Blais is hit by Zdeno Chara and loses puck.
2:24 of 1st period - Zdeno Chara is hit by Sammy Blais and loses puck.
3:45 of 1st period - Snap shot by Sammy Blais.
3:45 of 1st period - Stopped by Ilya Samsonov without a rebound.
3:46 of 1st period - Patrice Bergeron wins face-off versus Paul Stastny in Bruins zone.
3:59 of 1st period - Wrist shot by Blake Wheeler.
3:59 of 1st period - Deflect By Nino Niederreiter.
3:59 of 1st period - Shot Misses the Net.
3:59 of 1st period - Puck is out of play.
4:00 of 1st period - Tim Stutzle wins face-off versus Patrice Bergeron in Senators zone.
4:47 of 1st period - Ryan Lindgren is hit by Moritz Seider and loses puck.
5:13 of 1st period - Slapshot by Patrice Bergeron.
5:13 of 1st period - Stopped by Alex Stalock with a rebound.
5:17 of 1st period - Snap shot by Patrice Bergeron.
5:17 of 1st period - Stopped by Alex Stalock with a rebound.
5:19 of 1st period - Slapshot by Moritz Seider.
5:19 of 1st period - Stopped by Alex Stalock without a rebound.
5:20 of 1st period - Nino Niederreiter wins face-off versus Jakub Voracek in Senators zone.
5:27 of 1st period - Wrist shot by Patrice Bergeron.
5:27 of 1st period - Stopped by Alex Stalock without a rebound.
5:28 of 1st period - Patrice Bergeron wins face-off versus Paul Stastny in Senators zone.
5:29 of 1st period - Snap shot by Blake Wheeler.
5:29 of 1st period - Stopped by Alex Stalock with a rebound.
6:13 of 1st period - Snap shot by Max Comtois.
6:13 of 1st period - Shot Blocked by Radek Faksa.
6:15 of 1st period - Slapshot by Ryan Lindgren.
6:15 of 1st period - Shot Blocked by Jaccob Slavin.
6:17 of 1st period - Wrist shot by Ryan Lomberg.
6:17 of 1st period - Stopped by Ilya Samsonov without a rebound.
6:18 of 1st period - Radek Faksa wins face-off versus Paul Stastny in Bruins zone.
6:23 of 1st period - Snap shot by Eduard Sale.
6:23 of 1st period - Shot Misses the Net.
6:26 of 1st period - Icing by Keegan Kolesar.
6:27 of 1st period - Patrice Bergeron wins face-off versus Paul Stastny in Senators zone.
6:36 of 1st period - Snap shot by Ryan Lomberg.
6:36 of 1st period - Stopped by Ilya Samsonov with a rebound.
6:38 of 1st period - Snap shot by Jakub Voracek.
6:38 of 1st period - Shot Misses the Net.
6:52 of 1st period - Snap shot by Jakub Voracek.
6:52 of 1st period - Shot Blocked by Mikael Backlund.
7:34 of 1st period - Ryan Lomberg is hit by Roman Josi and loses puck.
7:41 of 1st period - Snap shot by Eduard Sale.
7:41 of 1st period - Shot Misses the Net.
8:03 of 1st period - Wrist shot by Blake Wheeler.
8:03 of 1st period - Stopped by Alex Stalock with a rebound.
8:19 of 1st period - Nils Hoglander is hit by Mikael Backlund and loses puck.
9:07 of 1st period - Off-side.
9:08 of 1st period - Patrice Bergeron wins face-off versus Tim Stutzle in neutral zone.
9:40 of 1st period - Wrist shot by Sammy Blais.
9:40 of 1st period - Shot Misses the Net.
9:53 of 1st period - Off-side.
9:54 of 1st period - Paul Stastny wins face-off versus Claude Giroux in neutral zone.
9:56 of 1st period - Off-side.
9:57 of 1st period - Paul Stastny wins face-off versus Claude Giroux in neutral zone.
10:17 of 1st period - Moritz Seider is hit by Keegan Kolesar.
10:21 of 1st period - Keegan Kolesar is hit by Taylor Hall and loses puck.
10:58 of 1st period - Wrist shot by Taylor Hall.
10:58 of 1st period - Shot Misses the Net.
11:00 of 1st period - Wrist shot by Moritz Seider.
11:00 of 1st period - Stopped by Alex Stalock without a rebound.
11:01 of 1st period - Tim Stutzle wins face-off versus Mikael Backlund in Senators zone.
11:18 of 1st period - Wrist shot by Tim Stutzle.
11:18 of 1st period - Stopped by Ilya Samsonov with a rebound.
11:54 of 1st period - Slapshot by Eduard Sale.
11:54 of 1st period - Shot Blocked by Derek Forbort.
12:26 of 1st period - Wrist shot by Patrice Bergeron.
12:26 of 1st period - Stopped by Alex Stalock with a rebound.
12:28 of 1st period - Snap shot by Patrice Bergeron.
12:28 of 1st period - Goal by Patrice Bergeron - Bruins : 1 - Senators : 1.
12:29 of 1st period - Patrice Bergeron wins face-off versus Tim Stutzle in neutral zone.
13:01 of 1st period - Jaccob Slavin is hit by Brent Burns and loses puck.
13:38 of 1st period - Icing by Anthony DeAngelo.
13:39 of 1st period - Morgan Barron wins face-off versus Claude Giroux in Senators zone.
14:03 of 1st period - Derek Forbort is hit by Patrice Bergeron and loses puck.
14:12 of 1st period - Slapshot by Patrice Bergeron.
14:12 of 1st period - Stopped by Alex Stalock without a rebound.
14:13 of 1st period - Jakub Voracek wins face-off versus Patrice Bergeron in Senators zone.
14:13 of 1st period - Blake Wheeler beats up Jakub Voracek.
14:13 of 1st period - Penalty to Jakub Voracek for Fighting.
14:13 of 1st period - Penalty to Blake Wheeler for Fighting.
14:14 of 1st period - Patrice Bergeron wins face-off versus Brady Tkachuk in Senators zone.
14:15 of 1st period - Slapshot by Lucas Raymond.
14:15 of 1st period - Shot Misses the Net.
14:21 of 1st period - Wrist shot by Brad Marchand.
14:21 of 1st period - Stopped by Ilya Samsonov without a rebound.
14:22 of 1st period - Tim Stutzle wins face-off versus Lucas Raymond in Bruins zone.
14:45 of 1st period - Wrist shot by Tim Stutzle.
14:45 of 1st period - Deflect By Brady Tkachuk.
14:45 of 1st period - Shot Misses the Net.
14:45 of 1st period - Puck is out of play.
14:46 of 1st period - Claude Giroux wins face-off versus Paul Stastny in Bruins zone.
15:01 of 1st period - Wrist shot by Taylor Hall.
15:01 of 1st period - Stopped by Alex Stalock with a rebound.
15:51 of 1st period - Slapshot by Eduard Sale.
15:51 of 1st period - Stopped by Alex Stalock without a rebound.
15:52 of 1st period - Brady Tkachuk wins face-off versus Mikael Backlund in Senators zone.
16:29 of 1st period - Slapshot by Nils Hoglander.
16:29 of 1st period - Deflect By Sammy Blais.
16:29 of 1st period - Deflect By Jaccob Slavin.
16:29 of 1st period - Goal by Sammy Blais - Bruins : 1 - Senators : 2.
16:30 of 1st period - Claude Giroux wins face-off versus Tim Stutzle in neutral zone.
16:58 of 1st period - Off-side.
16:59 of 1st period - Nick Cousins wins face-off versus Patrice Bergeron in neutral zone.
17:05 of 1st period - Jeremy Lauzon beats up Patrice Bergeron.
17:05 of 1st period - Penalty to Jeremy Lauzon for Fighting.
17:05 of 1st period - Penalty to Patrice Bergeron for Fighting.
17:06 of 1st period - Mikael Backlund wins face-off versus Tim Stutzle in Bruins zone.
17:06 of 1st period - Mikael Backlund is hit by Brady Tkachuk.
17:19 of 1st period - Slapshot by Brady Tkachuk.
17:19 of 1st period - Deflect By Brad Marchand.
17:19 of 1st period - Shot Misses the Net.
17:19 of 1st period - Puck is out of play.
17:20 of 1st period - Nick Cousins wins face-off versus Lucas Raymond in Bruins zone.
18:12 of 1st period - Radek Faksa is hit by Max Comtois.
18:56 of 1st period - Taylor Hall is hit by Brent Burns.
19:00 of 1st period - Snap shot by Nils Hoglander.
19:00 of 1st period - Shot Blocked by Zdeno Chara.
19:02 of 1st period - Slapshot by Ryan Lindgren.
19:02 of 1st period - Shot Blocked by Zdeno Chara.
19:20 of 1st period - Slapshot by Tim Stutzle.
19:20 of 1st period - Deflect By Lucas Raymond.
19:20 of 1st period - Shot Hit the Post.
19:20 of 1st period - Puck is out of play.
19:21 of 1st period - Claude Giroux wins face-off versus Tim Stutzle in Bruins zone.
Goals for this period are 1 for Bruins vs 2 for Senators.
Shots for this period are 14 for Bruins vs 8 for Senators.

2nd period


0:01 of 2nd period - Nick Cousins wins face-off versus Mikael Backlund in neutral zone.
0:08 of 2nd period - Snap shot by Nils Hoglander.
0:08 of 2nd period - Deflect By Sammy Blais.
0:08 of 2nd period - Shot Misses the Net.
0:08 of 2nd period - Puck is out of play.
0:09 of 2nd period - Mikael Granlund wins face-off versus Nick Cousins in Bruins zone.
0:22 of 2nd period - MacKenzie Weegar is hit by Sammy Blais and loses puck.
0:37 of 2nd period - Snap shot by Lucas Raymond.
0:37 of 2nd period - Shot Misses the Net.
0:39 of 2nd period - Slapshot by Mikael Granlund.
0:39 of 2nd period - Shot Blocked by Nils Hoglander.
0:41 of 2nd period - Slapshot by Mikael Granlund.
0:41 of 2nd period - Stopped by Alex Stalock with a rebound.
0:43 of 2nd period - Snap shot by Mikael Backlund.
0:43 of 2nd period - Deflect By Ryan Lindgren.
0:43 of 2nd period - Stopped by Alex Stalock without a rebound.
0:44 of 2nd period - Claude Giroux wins face-off versus Keegan Kolesar in Senators zone.
0:49 of 2nd period - Slapshot by Taylor Hall.
0:49 of 2nd period - Stopped by Alex Stalock with a rebound.
1:19 of 2nd period - Snap shot by Brad Marchand.
1:19 of 2nd period - Shot Misses the Net.
1:31 of 2nd period - Slapshot by Eduard Sale.
1:31 of 2nd period - Shot Blocked by Brent Burns.
1:37 of 2nd period - Slapshot by Brent Burns.
1:37 of 2nd period - Shot Misses the Net.
1:45 of 2nd period - Brent Burns is hit by Pierre Engvall and loses puck.
1:58 of 2nd period - Ryan Lomberg is hit by Ryan O'Reilly and loses puck.
2:18 of 2nd period - Keegan Kolesar is hit by Mikael Granlund and loses puck.
3:02 of 2nd period - Icing by Brent Burns.
3:03 of 2nd period - Mikael Backlund wins face-off versus Nick Cousins in Senators zone.
3:18 of 2nd period - Lucas Raymond is hit by Ryan Lomberg and loses puck.
3:38 of 2nd period - Tom Willander is hit by Sammy Blais and loses puck.
3:53 of 2nd period - Wrist shot by Lucas Raymond.
3:53 of 2nd period - Goal by Lucas Raymond - Bruins : 2 - Senators : 2.
3:54 of 2nd period - Claude Giroux wins face-off versus Paul Stastny in neutral zone.
4:05 of 2nd period - Snap shot by Taylor Hall.
4:05 of 2nd period - Stopped by Alex Stalock without a rebound.
4:06 of 2nd period - Tim Stutzle wins face-off versus Patrice Bergeron in Senators zone.
4:06 of 2nd period - Tim Stutzle is hit by Blake Wheeler.
4:12 of 2nd period - Slapshot by Brent Burns.
4:12 of 2nd period - Deflect By Brady Tkachuk.
4:12 of 2nd period - Shot Misses the Net.
4:12 of 2nd period - Puck is out of play.
4:13 of 2nd period - Tim Stutzle wins face-off versus Patrice Bergeron in Bruins zone.
5:23 of 2nd period - Slapshot by Patrice Bergeron.
5:23 of 2nd period - Shot Misses the Net.
5:25 of 2nd period - Slapshot by MacKenzie Weegar.
5:25 of 2nd period - Stopped by Alex Stalock without a rebound.
5:26 of 2nd period - Paul Stastny wins face-off versus Claude Giroux in Senators zone.
5:51 of 2nd period - Roman Josi is hit by Derek Forbort and loses puck.
6:38 of 2nd period - Snap shot by Eduard Sale.
6:38 of 2nd period - Stopped by Alex Stalock with a rebound.
6:56 of 2nd period - Slapshot by Ryan Lomberg.
6:56 of 2nd period - Stopped by Ilya Samsonov with a rebound.
7:04 of 2nd period - Jakub Voracek is hit by Mikael Backlund and loses puck.
7:57 of 2nd period - Slapshot by Jakub Voracek.
7:57 of 2nd period - Stopped by Ilya Samsonov without a rebound.
7:58 of 2nd period - Paul Stastny wins face-off versus Mikael Backlund in Bruins zone.
8:12 of 2nd period - Minor Penalty to Keegan Kolesar for Holding.
8:13 of 2nd period - Patrice Bergeron wins face-off versus Brady Tkachuk in Senators zone.
8:25 of 2nd period - Snap shot by Patrice Bergeron.
8:25 of 2nd period - Shot Misses the Net.
10:12 of 2nd period - Penalty to Keegan Kolesar is over, Keegan Kolesar is back on ice.
10:36 of 2nd period - Icing by Jeremy Lauzon.
10:37 of 2nd period - Claude Giroux wins face-off versus Morgan Barron in Senators zone.
10:57 of 2nd period - Off-side.
10:58 of 2nd period - Paul Stastny wins face-off versus Radek Faksa in neutral zone.
11:33 of 2nd period - Derek Forbort is hit by Radek Faksa and loses puck.
11:42 of 2nd period - Paul Stastny is hit by Pierre Engvall and loses puck.
13:33 of 2nd period - Snap shot by Paul Stastny.
13:33 of 2nd period - Shot Misses the Net.
13:35 of 2nd period - Snap shot by Paul Stastny.
13:35 of 2nd period - Stopped by Ilya Samsonov without a rebound.
13:36 of 2nd period - Tim Stutzle wins face-off versus Ryan O'Reilly in Bruins zone.
13:49 of 2nd period - Slapshot by Brad Marchand.
13:49 of 2nd period - Stopped by Ilya Samsonov with a rebound.
13:51 of 2nd period - Wrist shot by Ryan Lindgren.
13:51 of 2nd period - Shot Misses the Net.
14:03 of 2nd period - Ryan Lindgren is hit by Blake Wheeler and loses puck.
14:31 of 2nd period - Off-side.
14:32 of 2nd period - Tim Stutzle wins face-off versus Ryan O'Reilly in neutral zone.
14:44 of 2nd period - Snap shot by Taylor Hall.
14:44 of 2nd period - Shot Misses the Net.
14:46 of 2nd period - Slapshot by Tom Willander.
14:46 of 2nd period - Deflect By Ryan O'Reilly.
14:46 of 2nd period - Shot Misses the Net.
14:46 of 2nd period - Puck is out of play.
14:47 of 2nd period - Patrice Bergeron wins face-off versus Sammy Blais in Senators zone.
15:02 of 2nd period - Snap shot by Patrice Bergeron.
15:02 of 2nd period - Shot Misses the Net.
15:12 of 2nd period - Jaccob Slavin is hit by Brad Marchand and loses puck.
15:19 of 2nd period - Snap shot by Brady Tkachuk.
15:19 of 2nd period - Shot Blocked by Jaccob Slavin.
15:21 of 2nd period - Slapshot by Brent Burns.
15:21 of 2nd period - Deflect By Claude Giroux.
15:21 of 2nd period - Stopped by Ilya Samsonov with a rebound.
15:23 of 2nd period - Wrist shot by Brady Tkachuk.
15:23 of 2nd period - Shot Blocked by Claude Giroux.
15:25 of 2nd period - Slapshot by Ryan Lindgren.
15:25 of 2nd period - Deflect By Ryan O'Reilly.
15:25 of 2nd period - Stopped by Ilya Samsonov without a rebound.
15:26 of 2nd period - Patrice Bergeron wins face-off versus Morgan Barron in Bruins zone.
15:37 of 2nd period - Snap shot by Patrice Bergeron.
15:37 of 2nd period - Stopped by Alex Stalock with a rebound.
15:49 of 2nd period - Ryan Lindgren is hit by Tom Willander and loses puck.
16:00 of 2nd period - Wrist shot by Tim Stutzle.
16:00 of 2nd period - Shot Misses the Net.
16:12 of 2nd period - Snap shot by Lucas Raymond.
16:12 of 2nd period - Shot Misses the Net.
16:18 of 2nd period - Wrist shot by Mikael Granlund.
16:18 of 2nd period - Stopped by Alex Stalock without a rebound.
16:19 of 2nd period - Patrice Bergeron wins face-off versus Brad Marchand in Senators zone.
16:19 of 2nd period - Patrice Bergeron is hit by Ryan Lindgren.
16:27 of 2nd period - Snap shot by Patrice Bergeron.
16:27 of 2nd period - Stopped by Alex Stalock with a rebound.
16:29 of 2nd period - Snap shot by Jaccob Slavin.
16:29 of 2nd period - Stopped by Alex Stalock without a rebound.
16:30 of 2nd period - Claude Giroux wins face-off versus Tim Stutzle in Senators zone.
16:47 of 2nd period - Snap shot by Brad Marchand.
16:47 of 2nd period - Stopped by Ilya Samsonov without a rebound.
16:48 of 2nd period - Patrice Bergeron wins face-off versus Nick Cousins in Bruins zone.
17:25 of 2nd period - Slapshot by Brady Tkachuk.
17:25 of 2nd period - Stopped by Ilya Samsonov without a rebound.
17:26 of 2nd period - Patrice Bergeron wins face-off versus Paul Stastny in Bruins zone.
18:00 of 2nd period - Snap shot by Brad Marchand.
18:00 of 2nd period - Stopped by Ilya Samsonov with a rebound.
18:02 of 2nd period - Snap shot by Brady Tkachuk.
18:02 of 2nd period - Shot Misses the Net.
18:04 of 2nd period - Slapshot by Brent Burns.
18:04 of 2nd period - Shot Misses the Net.
18:16 of 2nd period - Slapshot by Roman Josi.
18:16 of 2nd period - Shot Misses the Net.
18:22 of 2nd period - Snap shot by Nils Hoglander.
18:22 of 2nd period - Deflect By Sammy Blais.
18:22 of 2nd period - Shot Misses the Net.
18:22 of 2nd period - Puck is out of play.
18:23 of 2nd period - Paul Stastny wins face-off versus Patrice Bergeron in Bruins zone.
18:24 of 2nd period - Wrist shot by Jakub Voracek.
18:24 of 2nd period - Stopped by Ilya Samsonov without a rebound.
18:25 of 2nd period - Paul Stastny wins face-off versus Patrice Bergeron in Bruins zone.
18:56 of 2nd period - Nils Hoglander is hit by Patrice Bergeron and loses puck.
19:05 of 2nd period - Slapshot by Derek Forbort.
19:05 of 2nd period - Stopped by Ilya Samsonov with a rebound.
19:15 of 2nd period - Patrice Bergeron is hit by Max Comtois.
19:16 of 2nd period - Icing by Patrice Bergeron.
19:17 of 2nd period - Morgan Barron wins face-off versus Patrice Bergeron in Bruins zone.
19:18 of 2nd period - Wrist shot by Brent Burns.
19:18 of 2nd period - Stopped by Ilya Samsonov without a rebound.
19:19 of 2nd period - Morgan Barron wins face-off versus Claude Giroux in Bruins zone.
19:26 of 2nd period - Slapshot by Ryan Lindgren.
19:26 of 2nd period - Stopped by Ilya Samsonov with a rebound.
19:29 of 2nd period - Icing by Roman Josi.
19:30 of 2nd period - Brady Tkachuk wins face-off versus Claude Giroux in Bruins zone.
19:45 of 2nd period - Snap shot by Taylor Hall.
19:45 of 2nd period - Stopped by Alex Stalock without a rebound.
19:46 of 2nd period - Patrice Bergeron wins face-off versus Nick Cousins in Senators zone.
19:49 of 2nd period - Wrist shot by Patrice Bergeron.
19:49 of 2nd period - Goal by Patrice Bergeron - Bruins : 3 - Senators : 2.
19:50 of 2nd period - Claude Giroux wins face-off versus Brad Marchand in neutral zone.
Goals for this period are 2 for Bruins vs 0 for Senators.
Shots for this period are 13 for Bruins vs 13 for Senators.

3rd period


0:01 of 3rd period - Nick Cousins wins face-off versus Claude Giroux in neutral zone.
0:26 of 3rd period - Tim Stutzle is hit by Nino Niederreiter.
0:46 of 3rd period - Jeremy Lauzon is hit by Mikael Granlund and loses puck.
0:51 of 3rd period - Snap shot by Mikael Backlund.
0:51 of 3rd period - Shot Blocked by Jeremy Lauzon.
1:09 of 3rd period - Pierre Engvall is hit by Sammy Blais and loses puck.
2:02 of 3rd period - Slapshot by Nils Hoglander.
2:02 of 3rd period - Shot Blocked by Eduard Sale.
2:04 of 3rd period - Snap shot by Nils Hoglander.
2:04 of 3rd period - Deflect By Sammy Blais.
2:04 of 3rd period - Stopped by Ilya Samsonov with a rebound.
2:06 of 3rd period - Slapshot by Jeremy Lauzon.
2:06 of 3rd period - Shot Misses the Net.
2:08 of 3rd period - Snap shot by Nils Hoglander.
2:08 of 3rd period - Shot Misses the Net.
2:10 of 3rd period - Slapshot by Jeremy Lauzon.
2:10 of 3rd period - Stopped by Ilya Samsonov with a rebound.
2:12 of 3rd period - Slapshot by Jeremy Lauzon.
2:12 of 3rd period - Deflect By Eduard Sale.
2:12 of 3rd period - Stopped by Ilya Samsonov without a rebound.
2:13 of 3rd period - Tim Stutzle wins face-off versus Claude Giroux in Bruins zone.
2:16 of 3rd period - Wrist shot by Brady Tkachuk.
2:16 of 3rd period - Stopped by Ilya Samsonov without a rebound.
2:17 of 3rd period - Claude Giroux wins face-off versus Tim Stutzle in Bruins zone.
2:17 of 3rd period - Claude Giroux is hit by Brady Tkachuk.
3:09 of 3rd period - Minor Penalty to Mikael Granlund for Slashing.
3:10 of 3rd period - Paul Stastny wins face-off versus Ryan O'Reilly in Bruins zone.
3:39 of 3rd period - Tim Stutzle is hit by Taylor Hall and loses puck.
4:36 of 3rd period - Nino Niederreiter is hit by Jakub Voracek and loses puck.
5:09 of 3rd period - Penalty to Mikael Granlund is over, Mikael Granlund is back on ice.
5:18 of 3rd period - Sammy Blais is hit by Mikael Backlund.
5:22 of 3rd period - Wrist shot by Lucas Raymond.
5:22 of 3rd period - Stopped by Alex Stalock with a rebound.
5:24 of 3rd period - Slapshot by Mikael Granlund.
5:24 of 3rd period - Deflect By Mikael Backlund.
5:24 of 3rd period - Stopped by Alex Stalock without a rebound.
5:25 of 3rd period - Mikael Backlund wins face-off versus Nick Cousins in Senators zone.
6:55 of 3rd period - Snap shot by Nils Hoglander.
6:55 of 3rd period - Shot Misses the Net.
6:57 of 3rd period - Snap shot by Nick Cousins.
6:57 of 3rd period - Shot Misses the Net.
6:59 of 3rd period - Slapshot by Nick Cousins.
6:59 of 3rd period - Deflect By Sammy Blais.
6:59 of 3rd period - Stopped by Ilya Samsonov with a rebound.
7:01 of 3rd period - Snap shot by Nick Cousins.
7:01 of 3rd period - Shot Blocked by Jaccob Slavin.
7:15 of 3rd period - Wrist shot by Ryan Lomberg.
7:15 of 3rd period - Shot Misses the Net.
7:39 of 3rd period - Snap shot by Patrice Bergeron.
7:39 of 3rd period - Stopped by Alex Stalock with a rebound.
7:41 of 3rd period - Slapshot by Jaccob Slavin.
7:41 of 3rd period - Deflect By Patrice Bergeron.
7:41 of 3rd period - Goal by Patrice Bergeron - Bruins : 4 - Senators : 2.
7:42 of 3rd period - Tim Stutzle wins face-off versus Ryan O'Reilly in neutral zone.
7:45 of 3rd period - Slapshot by Anthony DeAngelo.
7:45 of 3rd period - Shot Misses the Net.
7:47 of 3rd period - Slapshot by Anthony DeAngelo.
7:47 of 3rd period - Shot Misses the Net.
8:11 of 3rd period - Snap shot by Nils Hoglander.
8:11 of 3rd period - Shot Misses the Net.
8:19 of 3rd period - Slapshot by Anthony DeAngelo.
8:19 of 3rd period - Deflect By Nils Hoglander.
8:19 of 3rd period - Shot Misses the Net.
8:19 of 3rd period - Puck is out of play.
8:20 of 3rd period - Paul Stastny wins face-off versus Patrice Bergeron in Bruins zone.
8:29 of 3rd period - Slapshot by Jaccob Slavin.
8:29 of 3rd period - Shot Blocked by Jakub Voracek.
8:31 of 3rd period - Slapshot by Jaccob Slavin.
8:31 of 3rd period - Stopped by Alex Stalock with a rebound.
8:33 of 3rd period - Slapshot by Blake Wheeler.
8:33 of 3rd period - Stopped by Alex Stalock with a rebound.
8:35 of 3rd period - Slapshot by Patrice Bergeron.
8:35 of 3rd period - Shot Misses the Net.
8:45 of 3rd period - Lucas Raymond is hit by Brad Marchand and loses puck.
9:44 of 3rd period - Anthony DeAngelo is hit by Patrice Bergeron and loses puck.
10:54 of 3rd period - Minor Penalty to Ryan Lomberg for Interference.
10:55 of 3rd period - Patrice Bergeron wins face-off versus Tim Stutzle in Senators zone.
11:26 of 3rd period - Mikael Backlund is hit by Brad Marchand and loses puck.
11:33 of 3rd period - Anthony DeAngelo is hit by Mikael Backlund and loses puck.
12:54 of 3rd period - Penalty to Ryan Lomberg is over, Ryan Lomberg is back on ice.
13:51 of 3rd period - Claude Giroux is hit by Nils Hoglander and loses puck.
14:20 of 3rd period - Icing by Anthony DeAngelo.
14:21 of 3rd period - Paul Stastny wins face-off versus Radek Faksa in Senators zone.
14:21 of 3rd period - Paul Stastny is hit by Radek Faksa.
14:29 of 3rd period - Snap shot by Sammy Blais.
14:29 of 3rd period - Shot Misses the Net.
14:31 of 3rd period - Slapshot by Nick Cousins.
14:31 of 3rd period - Deflect By Sammy Blais.
14:31 of 3rd period - Stopped by Ilya Samsonov with a rebound.
14:51 of 3rd period - Slapshot by Tim Stutzle.
14:51 of 3rd period - Shot Misses the Net.
14:53 of 3rd period - Wrist shot by Tim Stutzle.
14:53 of 3rd period - Stopped by Ilya Samsonov with a rebound.
14:55 of 3rd period - Slapshot by Derek Forbort.
14:55 of 3rd period - Deflect By Brady Tkachuk.
14:55 of 3rd period - Stopped by Ilya Samsonov without a rebound.
14:56 of 3rd period - Patrice Bergeron wins face-off versus Paul Stastny in Bruins zone.
14:56 of 3rd period - Nino Niederreiter beats up Keegan Kolesar.
14:56 of 3rd period - Penalty to Keegan Kolesar for Fighting.
14:56 of 3rd period - Penalty to Nino Niederreiter for Fighting.
14:57 of 3rd period - Brad Marchand wins face-off versus Lucas Raymond in Bruins zone.
15:00 of 3rd period - Wrist shot by Brad Marchand.
15:00 of 3rd period - Stopped by Ilya Samsonov with a rebound.
15:08 of 3rd period - Wrist shot by Patrice Bergeron.
15:08 of 3rd period - Shot Misses the Net.
15:10 of 3rd period - Slapshot by Patrice Bergeron.
15:10 of 3rd period - Shot Misses the Net.
15:24 of 3rd period - Taylor Hall is hit by Paul Stastny and loses puck.
15:29 of 3rd period - Wrist shot by Paul Stastny.
15:29 of 3rd period - Shot Misses the Net.
15:33 of 3rd period - Snap shot by Jakub Voracek.
15:33 of 3rd period - Shot Blocked by Claude Giroux.
15:35 of 3rd period - Snap shot by Paul Stastny.
15:35 of 3rd period - Stopped by Ilya Samsonov without a rebound.
15:36 of 3rd period - Nick Cousins wins face-off versus Claude Giroux in Bruins zone.
15:37 of 3rd period - Wrist shot by Sammy Blais.
15:37 of 3rd period - Shot Blocked by Tom Willander.
15:44 of 3rd period - Nick Cousins and Claude Giroux fight to a draw.
15:44 of 3rd period - Penalty to Nick Cousins for Fighting.
15:44 of 3rd period - Penalty to Claude Giroux for Fighting.
15:45 of 3rd period - Mikael Backlund wins face-off versus Jesse Ylonen in neutral zone.
16:16 of 3rd period - Snap shot by Brad Marchand.
16:16 of 3rd period - Shot Misses the Net.
16:18 of 3rd period - Slapshot by Ryan Lomberg.
16:18 of 3rd period - Stopped by Ilya Samsonov with a rebound.
17:08 of 3rd period - Wrist shot by Tim Stutzle.
17:08 of 3rd period - Stopped by Ilya Samsonov with a rebound.
Goals for this period are 1 for Bruins vs 0 for Senators.
Shots for this period are 6 for Bruins vs 12 for Senators.